Description

/r/allthingsprotoss guide

Replay - A.I. 1 (Very Easy) v Gemini - Bel'Shir Vestige LE (Void)

Build Order

Get SALT Encoding   

  12  0:00  Probe (Chrono Boost)  
  13  0:11  Probe (Chrono Boost)  
  14  0:18  Pylon  
  14  0:22  Probe (Chrono Boost)  
  15  0:36  Probe (Chrono Boost), Gateway  
  16  0:43  Assimilator  
  16  0:47  Probe (Chrono Boost)  
  17  0:59  Probe (Chrono Boost)  
  18  1:09  Probe (Chrono Boost)  
  19  1:21  Nexus  
  19  1:24  Probe (Chrono Boost)  
  20  1:36  Cybernetics Core  
  20  1:37  Probe (Chrono Boost)  
  21  1:43  Assimilator  
  21  1:47  Probe (Chrono Boost)  
  21  1:52  Pylon  
  23  2:09  Adept  
  23  2:13  Warp Gate  
  27  2:27  Stargate  
  27  2:33  Adept  
  34  3:00  Adept  
  38  3:06  Oracle  
  43  3:20  Robotics Facility  
  43  3:24  Pylon  
  45  3:39  Phoenix  
  45  3:41  Pylon  
  50  3:50  Assimilator x2  
  51  4:02  Phoenix  
  52  4:05  Gateway x2  
  54  4:13  Pylon  
  54  4:15  Observer  
  56  4:23  Phoenix  
  61  4:38  Observer  
  61  4:39  Nexus  
  61  4:45  Phoenix  
  66  4:57  Mothership Core (Chrono Boost)  
  69  5:01  Observer  
  70  5:12  Phoenix  
  74  5:23  Twilight Council  
  74  5:24  Forge  
  75  5:33  Phoenix  
  75  5:37  Gateway x3  
  75  5:41  Sentry  
  79  5:46  Adept x2  
  86  6:00  Assimilator x2  
  89  6:13  Phoenix  
  95  6:32  Adept x3  
  107  6:53  Adept  
Spawning Tool Build Advisor. Get it on Overwolf

Go to:

Details

Become a Patron
  • Created by: Gemini_19    
  • Published on: Feb 07, 2017
  • Modified on: Feb 07, 2017
  • Patch: 3.8.0
Show
View Real Time Build Order
Export as new Build Order

Comments (0)

There are no comments. Be the first!

Create an account to comment!